 Dungeon Crawl Stone Soup version 0.21.1-1-g345015fe64 (webtiles) character file.

50 Sephro the Skirmisher (level 3, 0/29 HPs)
             Began as a Demonspawn Abyssal Knight on July 23, 2018.
             Was a Follower of Lugonu.
             Slain by an orc wizard
             ... wielding a +0 dagger
              (2 damage)
             ... on level 3 of the Dungeon.
             The game lasted 00:11:52 (2564 turns).

Sephro the Skirmisher (Demonspawn Abyssal Knight)   Turns: 2564, Time: 00:11:52

Health: 0/29       AC:  6    Str: 13    XL:     3   Next: 55%
Magic:  4/4        EV: 12    Int: 13    God:    Lugonu [*.....]
Gold:   110        SH:  0    Dex: 12    Spells: 2/2 levels left

rFire    + . .     SeeInvis .   a - +1 hand axe
rCold    + . .     Gourm    .   (no shield)
rNeg     . . .     Faith    .   h - +0 ring mail
rPois    +         Spirit   .   (no helmet)
rElec    +         Reflect  .   r - +0 cloak
rCorr    +         Harm     .   (no gloves)
MR       .....                  (no boots)
Stlth    ..........             (no amulet)
HPRegen  0.09/turn              (no ring)
MPRegen  0.09/turn              (no ring)

@: confused, resistant, flying, very slightly contaminated
A: repulsion field 1, powered by death 1
a: Depart the Abyss, Renounce Religion


You were on level 3 of the Dungeon.
You worshipped Lugonu.
Lugonu was aware of your devotion.
You were not hungry.

You visited 1 branch of the dungeon, and saw 4 of its levels.
You visited the Abyss 1 time.

You collected 110 gold pieces.

Inventory:

Hand Weapons
 a - a +1 hand axe (weapon)
 p - a +0 hunting sling
Missiles
 m - 22 bolts
 q - 62 stones (quivered)
Armour
 b - a +0 leather armour
 h - a +0 ring mail (worn)
 r - a +0 cloak (worn)
Scrolls
 e - a scroll of random uselessness {unknown}
 f - 2 scrolls of remove curse {unknown}
 g - 2 scrolls of immolation {unknown}
 j - a scroll of enchant weapon {unknown}
 k - a scroll of teleportation {unknown}
 l - 4 scrolls of identify {unknown}
 o - a scroll of fear {unknown}
 t - 2 scrolls of amnesia {unknown}
Comestibles
 c - 8 rations


   Skills:
 + Level 3.5 Fighting
 + Level 2.5 Axes
 + Level 2.2 Armour
 + Level 1.3 Dodging
 + Level 2.4 Invocations


You had 2 spell levels left.
You didn't know any spells.

Dungeon Overview and Level Annotations

Branches:
Dungeon (4/15)
 Temple: D:4-7

Altars:
Yredelemnul
The Shining One


Innate Abilities, Weirdness & Mutations

You are surrounded by a mild repulsion field. (EV +2)
You regenerate a little health from kills.


Message History

You feel very buoyant.
You fly up into the air.
You hear some strange, mumbled words.
Something tries to affect you, but you resist.
You're too confused!
You're too confused!
You feel protected.
You feel less confused. Something hits you but does no damage.
You closely miss something.
You hear some strange, mumbled words.
You are confused.
Something hits you.
* * * LOW HITPOINT WARNING * * *
You aren't carrying any potions.
You're too confused!
You're too confused!
You're too confused!
You're too confused to move!
Something hits you but does no damage. Something hits you.
You die...

........s..............
#############.#.#..###
#.#.##.##
..#.##..#######.
####s#...........
#....#.#..######.
##+####'##.#
#........#.#
#..@.....#.#
#........#.#
#........#.#
#........#.##
#........#.o#
#........##.##
#........##..#
#........###.#
########## #o##


There were no monsters in sight!

Vanquished Creatures
  An adder (D:2)
  2 worms (D:2)
  3 leopard geckos
  2 giant cockroaches (D:1)
  7 goblins
  5 hobgoblins
  3 jackals (D:2)
  A quokka (D:3)
  A frilled lizard (D:2)
  A jackal zombie (D:2)
  2 rats
28 creatures vanquished.

Vanquished Creatures (others)
  A leopard gecko (D:2)
1 creature vanquished.

Grand Total: 29 creatures vanquished

Notes
Turn   | Place    | Note
-------+----------+-------------------------------------------
     0 | Abyss:1  | Sephro the Demonspawn Abyssal Knight began the quest for the Orb.
     0 | Abyss:1  | Reached XP level 1. HP: 18/18 MP: 2/2
    40 | D:1      | Escaped the Abyss
   137 | D:1      | Reached skill level 1 in Dodging
   385 | D:1      | Gained mutation: You regenerate a little health from kills. [demonic ancestry]
   385 | D:1      | Reached XP level 2. HP: 19/24 MP: 3/3
  1186 | D:2      | Found a runed door.
  1186 | D:2      | Noticed a human
  1253 | D:2      | Found a basalt altar of Yredelemnul.
  1301 | D:2      | Gained mutation: You are surrounded by a mild repulsion field. (EV +2) [demonic ancestry]
  1301 | D:2      | Reached XP level 3. HP: 2/29 MP: 4/4
  1607 | D:2      | Found a glowing golden altar of the Shining One.
  2564 | D:3      | Slain by an orc wizard

Skill      XL: |  1  2 |
---------------+-------+-----
Dodging        | 1 |  1.3
Axes           | 2 |  2.5
Armour         | 2 |  2.2
Fighting       | |  3.5
Invocations    | |  2.4

Action                   || total
-------------------------++-------
Melee: Hand axe          ||   109
  Use: Potion            ||     5
       Scroll            ||     1
  Eat: Chunk             ||     5
Armor: Ring mail         ||    32
       Leather armour    ||     2
Dodge: Dodged            ||    65
